 Dungeon Crawl Stone Soup version 0.28.0-53-g5a82cb258f (webtiles) character file.

Game seed: 11434351036884933085

63 Peloso the Shield-Bearer (level 3, -5/33 HPs)
             Began as a Minotaur Fighter on July 28, 2022.
             Killed by divine providence
             ... invoked by an orc priest
              (11 damage)
             ... on level 3 of the Dungeon.
             The game lasted 00:02:52 (2037 turns).

Peloso the Shield-Bearer (Minotaur Fighter)         Turns: 2037, Time: 00:02:52

Health: -5/33      AC: 13    Str: 20    XL:     3   Next: 89%
Magic:  2/2        EV:  4    Int:  5    God:
Gold:   110        SH:  8    Dex: 11    Spells: 2/2 levels left

rFire   . . .      SeeInvis .   a - +0 long sword
rCold   . . .      Faith    .   c - +0 kite shield
rNeg    . . .      Spirit   .   o - +0 plate armour
rPois   .          Reflect  .   (helmet restricted)
rElec   .          Harm     .   (no cloak)
rCorr   .          Rampage  .   (no gloves)
Will    +....                   m - +0 pair of boots
Stlth   ..........              (no amulet)
HPRegen 0.11/turn               l - ring of willpower
MPRegen 0.08/turn               (no ring)

@: no status effects
A: horns 2, retaliatory headbutt
a: no special abilities


You were on level 3 of the Dungeon.
You visited 1 branch of the dungeon, and saw 3 of its levels.

You collected 110 gold pieces.

Inventory:

Hand Weapons
 a - a +0 long sword (weapon)
Armour
 b - a +0 scale mail
 c - a +0 kite shield (worn)
 m - a +0 pair of boots (worn)
 o - a +0 plate armour (worn)
Jewellery
 e - an amulet of the acrobat
 l - a ring of willpower (left hand)
Scrolls
 f - 3 scrolls of enchant weapon {unknown}
 j - a scroll of vulnerability {unknown}
 n - a scroll of teleportation {unknown}
Potions
 d - a potion of might
 g - 2 potions of curing {unknown}
 h - a potion of haste {unknown}
 i - a potion of brilliance {unknown}
 k - a potion of heal wounds {unknown}


   Skills:
 + Level 4.2 Fighting
 + Level 3.1 Long Blades
 + Level 4.3 Armour
 + Level 0.4 Dodging
 + Level 4.3 Shields


You had 2 spell levels left.
You didn't know any spells.
Your spell library contained the following spells:

 Spells                   Type           Power      Damage    Failure   Level
 Corpse Rot               Necr/Air       0%         N/A       100%        2
 Poisonous Vapours        Pois/Air       0%         N/A       100%        2


Dungeon Overview and Level Annotations

Branches:
Dungeon (3/15)

Altars:

Shops:
D:1 [


Innate Abilities, Weirdness & Mutations

You have a pair of horns on your head.
You reflexively headbutt those who attack you in melee.


Message History

A hobgoblin comes into view.
You block the ball python's attack. The ball python constricts you.
An orc comes into view. It is wielding a +0 flail.
You escape the ball python's grasp.
You hit the ball python.
You kill the ball python!
The hobgoblin shouts!
The orc priest hits you but does no damage.
A hobgoblin comes into view.
You see here a ball python corpse.
You closely miss the orc priest.
The orc priest hits you but does no damage.
A bat comes into view.
The orc hits you with a +0 trident. You block the orc's attack.
The orc priest hits you but does no damage.
The orc hits you with a +0 flail. You block the orc's attack.
You hit the orc.
The orc is severely wounded.
The orc hits you but does no damage. x2; You block the orc's attack.
The orc hits you but does no damage. x2
Unknown command.
You hit the orc.
You kill the orc!
You block the orc's attack. The orc hits you with a +0 trident.
The orc priest hits you with a +0 club.
Unknown command.
You slash the orc priest!
The orc priest is severely wounded.
You block the orc's attack. x2; The orc priest hits you with a +0 club.
You block the orc's attack. The orc hits you but does no damage.
You hit the orc priest but do no damage.
You headbutt the orc priest.
The orc priest is severely wounded.
The orc priest calls down the wrath of Beogh upon you.
Beogh smites you!
* * * LOW HITPOINT WARNING * * *
You block the orc's attack. x2
The orc priest invokes the aid of Beogh against you.
Beogh smites you!
You die...

.. .# ###
#. #.. .# .
#.##.## ..b
#.#...
.....#@#.#
......ooo.#
.......g#†#
###.#..##.#
#....
#.#######
......
#......<#
####.#
#########
.. ##


You could see an orc priest, 2 orcs and a hobgoblin.

Vanquished Creatures
  An adder (D:2)
  A gnoll (D:1)
  A worm (D:2)
  2 dart slugs (D:1)
  An orc (D:3)
  3 endoplasms
  A giant cockroach (D:1)
  3 goblins (D:1)
  2 hobgoblins (D:1)
  3 jackals (D:1)
  A kobold (D:1)
  2 quokkas (D:1)
  6 ball pythons
  4 bats
  3 rats (D:1)
34 creatures vanquished.

Notes
Turn   | Place    | Note
-------+----------+-------------------------------------------
     0 | D:1      | Peloso the Minotaur Fighter began the quest for the Orb.
     0 | D:1      | Reached XP level 1. HP: 19/19 MP: 0/0
    42 | D:1      | Reached XP level 2. HP: 9/27 MP: 1/1
   518 | D:1      | Reached XP level 3. HP: 30/33 MP: 2/2
   608 | D:1      | Found Isyat's Antique Armour Shoppe.
  1385 | D:2      | Found a faded altar of an unknown god.
  2037 | D:3      | Killed from afar by an orc priest

Illustrated notes

Levels and vault maps discovered:
D:1:      psy_arrival_fountain, layout_basic, serial_shops, nicolae_square_shop
D:2:      layout_basic, dilly_ecumenical_altar_fadedgnrine, serial_forest,
          infiniplex_forest_end_2, infiniplex_forest_end_2,
          infiniplex_forest_end_double, infiniplex_forest_end_1,
          infiniplex_forest_pool, infiniplex_forest_end_1,
          infiniplex_forest_lined_3_way, infiniplex_forest_lined_2
D:3:      layout_basic, tgw_sif, gup_sewer_entry_pipe

Skill      XL: |  1  2  3 |
---------------+----------+-----
Fighting       | 4 |  4.2
Armour         | 4 |  4.3
Shields        | 4 |  4.3
Long Blades    | 3 |  3.1
Dodging        | |  0.4

Action                   || total
-------------------------++-------
Melee: Long sword        ||    81
       Headbutt          ||    10
Armor: Scale mail        ||    48
       Plate armour      ||     9
Dodge: Dodged            ||    46
Block: Buckler           ||    15
       Kite shield       ||    11
